 Dungeon Crawl Stone Soup version 0.18-a0-1683-gf9322e6 (webtiles) character file.

9079 Chiseanne the Fighter (level 11, -2/87 HPs)
             Began as a Mummy Artificer on Apr 3, 2016.
             Was an Initiate of Gozag.
             Slain by a phantasmal warrior (17 damage)
             ... led by a death knight
             ... on level 13 of the Dungeon.
             The game lasted 00:48:45 (12424 turns).

Chiseanne the Fighter (Mummy Artificer)            Turns: 12424, Time: 00:48:46

Health: -2/87      AC: 13    Str: 15    XL:     11   Next: 18%
Magic:  16/16      EV:  9    Int: 13    God:    Gozag
Gold:   770        SH:  7    Dex: 14    Spells: 0 memorised, 10 levels left

rFire  . . .     SeeInvis .     a - +2 broad axe (flame)
rCold  + . .     Gourm    .     n - +2 chain mail {rF+}
rNeg   + + +     Faith    .     m - +3 warlock's mirror {reflect}
rPois  ∞         Spirit   .     (no helmet)
rElec  .         Dismiss  .     l - +0 cloak
rCorr  .         Reflect  +     (no gloves)
SustAt .         Harm     .     I - +2 pair of boots {run}
MR     .....                    (no amulet)
Stlth  ..........               (no ring)
                                y - ring of wizardry

@: vulnerable, corroded, quick, not resistant to hostile enchantments, extremely
unstealthy
A: no food or potions, fire vulnerability, cold resistance 1, negative energy
resistance 3, torment resistance, unbreathing
a: Potion Petition, Call Merchant, Bribe Branch, Renounce Religion


You were on level 13 of the Dungeon.
You worshipped Gozag.
Gozag was noncommittal.
You were not hungry.

You visited 1 branch of the dungeon, and saw 12 of its levels.
You also visited: Ossuary and Bailey.

You collected 2297 gold pieces.
You spent 945 gold pieces at shops.
You paid 582 gold pieces to Gozag.

Inventory:

Hand Weapons
 a - a +2 broad axe of flaming (weapon)
 e - a +0 hunting sling of flaming
 s - a +1 hand axe of freezing
 H - a +0 blowgun
Missiles
 c - 11 tomahawks of returning (quivered)
 f - 190 arrows
 g - 84 sling bullets
 k - 16 steel bolts
 p - 49 poisoned needles
 v - a throwing net {!*}
 D - 36 bolts
 E - 4 needles of sleeping
Armour
 l - a +0 cloak (worn)
 m - the +3 warlock's mirror (worn) {reflect}
   (You found it in a bailey)
 n - a +2 chain mail of fire resistance (worn)
 F - a +4 ring mail of cold resistance
 I - a +2 pair of boots of running (worn)
Magical Staves
 N - an uncursed staff of poison
Jewellery
 y - a ring of wizardry (left hand)
Wands
 b - a wand of paralysis (0/24)
 r - a wand of enslavement (0/24)
 z - a wand of digging (5/24)
 O - a wand of polymorph (5/24)
Scrolls
 h - 2 scrolls of amnesia
 j - a scroll of teleportation
 o - 3 scrolls of remove curse
 u - 10 scrolls of identify
 B - a scroll of recharging
 C - 2 scrolls of fog
Books
 d - a book of Flames

   Spells                             Type                      Level
   a - Flame Tongue                   Conjuration/Fire             1
   b - Throw Flame                    Conjuration/Fire             2
   c - Conjure Flame                  Conjuration/Fire             3
   d - Inner Flame                    Hexes/Fire                   3
   e - Sticky Flame                   Conjuration/Fire             4
   f - Fireball                       Conjuration/Fire             5
 t - a book of Ice

   Spells                             Type                      Level
   a - Ice Form                       Ice/Transmutation            4
   b - Metabolic Englaciation         Hexes/Ice                    5
   c - Ozocubu's Refrigeration        Ice                          6
   d - Bolt of Cold                   Conjuration/Ice              6
   e - Freezing Cloud                 Conjuration/Ice/Air          6
   f - Simulacrum                     Ice/Necromancy               6
 w - a book of Unlife

   Spells                             Type                      Level
   a - Recall                         Summoning/Translocation      3
   b - Animate Dead                   Necromancy                   4
   c - Control Undead                 Necromancy                   4
   d - Cigotuvi's Embrace             Necromancy                   5
   e - Death Channel                  Necromancy                   6
   f - Simulacrum                     Ice/Necromancy               6
Miscellaneous
 i - a phantom mirror


   Skills:
 - Level 8.9 Fighting
   Level 0.7 Short Blades
 * Level 1.6 Axes
 - Level 6.8 Armour
 - Level 7.4 Dodging
 - Level 0.7 Stealth
 * Level 1.5 Shields
 * Level 7.7 Evocations


You had 10 spell levels left.
You didn't know any spells.

Dungeon Overview and Level Annotations

Branches:
Dungeon (13/15)            Temple (0/1) D:7            Lair (0/8) D:9
    Orc (0/2) D:11
 Vaults: D:13-14

Altars:
Cheibriados
Dithmenos
Elyvilon
Gozag
Makhleb
Nemelex Xobeh
Okawaru
Ru
Trog
Xom
Zin
The Shining One

Shops:
D:8 [   D:9 (

Annotations:
D:10 exclusions: obsidian statue and orange crystal statue


Innate Abilities, Weirdness & Mutations

You do not eat or drink.
Your flesh is vulnerable to fire.
You are immune to poison.
Your flesh is cold resistant.
You are immune to negative energy.
You are immune to unholy pain and torment.
You can survive without breathing.


Message History

There is a stone staircase leading down here.
The brown ugly thing punches you!
* * * LOW HITPOINT WARNING * * *
You are splashed with acid!
The acid corrodes you!
The acid burns!
* * * LOW HITPOINT WARNING * * *
You block the phantasmal warrior's attack.
You climb downwards.
There is a stone staircase leading up here.
Read which item? (? for menu, Esc to quit)
Okay, then.
Evoke which item? (* to show all) (? for menu, Esc to quit)
Zapping:
r - a wand of enslavement (1/24)
Press: ? - help, Shift-Dir - straight line, f - brown ugly thing
Aim: a brown ugly thing (chance to defeat MR: 45%)
The brown ugly thing resists with some effort.
This wand has 0 charges left.
You block the brown ugly thing's attack.
The phantasmal warrior hits you!
You die...
Your body crumbles into a pile of gold.

$
######+#######+
...............
...............
...............
.......uW...###
.......@.......
###############


You could see a brown ugly thing and a phantasmal warrior.

Vanquished Creatures
  A great orb of eyes (D:11)
  A hydra (D:9)
  A troll (D:11)
  A two-headed ogre (D:9)
  A wyvern (D:7)
  5 yaks
  A steam dragon (D:11)
  2 hippogriffs
  3 sky beasts
  2 ice beasts
  2 orc warriors
  5 phantoms
  A wasp (D:10)
  A black bear (D:11)
  6 ogres
  A centaur (D:11)
  4 big kobolds
  5 giant frogs
  13 scorpions
  3 killer bees (D:11)
  6 wights (D:8)
  2 howler monkeys
  3 crimson imps
  2 giant frog zombies
  3 orc priests
  A gnoll shaman (D:5)
  3 hounds
  Crazy Yiuf (D:2)
  A human zombie (Ossuary)
  A centaur skeleton (D:4)
  2 giant frog skeletons
  3 iguanas
  5 orc wizards
  Natasha (twice) (D:4)
  4 worker ants
  2 sheep (D:9)
  5 big kobold zombies (Ossuary)
  A hound skeleton (D:4)
  4 mummies
  6 gnolls
  11 adders
  A shadow imp (D:8)
  A worm (D:2)
  2 dart slugs
  3 giant geckos
  24 orcs
  12 bats
  2 giant cockroaches
  A gnoll zombie (Ossuary)
  4 goblins
  7 hobgoblins
  25 kobolds
  5 quokkas
  A ball python skeleton (D:4)
  9 giant newts
  4 goblin zombies (Ossuary)
  4 hobgoblin zombies
  A jackal zombie (D:5)
  3 kobold zombies
  4 orc zombies (Ossuary)
  A quokka zombie (D:8)
  28 rats
  2 plants (D:9)
271 creatures vanquished.

Vanquished Creatures (collateral kills)
  Grinder (D:4)
  The ghost of namelastname112 the Cudgeler, an amateur DrBe of Trog (D:3)
  2 yaks (D:10)
  A steam dragon (D:9)
  A hippogriff (D:11)
  Edmund (D:4)
  4 orc warriors (Bailey)
  An ice beast (D:11)
  A sky beast (D:9)
  An ogre (D:9)
  4 killer bees (D:11)
  7 wights
  2 crimson imps
  A jelly (D:7)
  A giant frog skeleton (D:7)
  An orc wizard (D:4)
  A worker ant (D:4)
  4 gnolls
  An adder skeleton (D:9)
  4 orcs
  4 goblins
  3 kobolds (Bailey)
  A quokka (D:10)
  A giant newt (D:3)
49 creatures vanquished.

Vanquished Creatures (others)
  A sky beast (D:11)
  A wasp (D:11)
  A killer bee (D:11)
  A hound (D:9)
  A gnoll (Bailey)
  A giant gecko (D:4)
  2 orcs
  A goblin (Bailey)
  A plant (D:9)
10 creatures vanquished.

Grand Total: 330 creatures vanquished

Notes
Turn   | Place    | Note
--------------------------------------------------------------
     0 | D:1      | Chiseanne the Mummy Artificer began the quest for the Orb.
     0 | D:1      | Reached XP level 1. HP: 15/15 MP: 2/2
   213 | D:1      | Reached XP level 2. HP: 12/22 MP: 3/3
   469 | D:1      | Found a sparkling altar of Nemelex Xobeh.
  1095 | D:2      | Reached XP level 3. HP: 26/27 MP: 5/5
  1190 | D:2      | Reached skill level 2 in Fighting
  1581 | D:2      | Noticed Crazy Yiuf
  1600 | D:2      | Killed Crazy Yiuf
  1788 | D:2      | Found a burning altar of Makhleb.
  1834 | D:2      | Reached XP level 4. HP: 34/34 MP: 6/6
  1896 | D:2      | Found a shadowy altar of Dithmenos.
  2652 | D:3      | Noticed namelastname112's ghost (amateur DrBe)
  2683 | D:3      | Killed namelastname112's ghost
  2683 | D:3      | Reached skill level 3 in Fighting
  2683 | D:3      | Reached skill level 1 in Armour
  2683 | D:3      | Reached XP level 5. HP: 9/41 MP: 7/7
  3184 | D:3      | Found a snail-covered altar of Cheibriados.
  3230 | D:3      | Found an opulent altar of Gozag.
  3230 | D:3      | Found a sparkling altar of Nemelex Xobeh.
  3236 | D:3      | Became a worshipper of Gozag Ym Sagoz the Greedy
  3358 | D:3      | Reached XP level 6. HP: 45/47 MP: 8/8
  3674 | D:4      | Noticed Grinder
  3675 | D:4      | Noticed Edmund
  3687 | D:4      | Killed Edmund
  3691 | D:4      | Killed Grinder
  3905 | D:4      | Found a sacrificial altar of Ru.
  3960 | D:4      | Reached XP level 7. HP: 35/53 MP: 8/10
  4178 | D:4      | Noticed Natasha
  4183 | D:4      | Killed Natasha
  4268 | D:4      | Noticed Natasha
  4278 | D:4      | Killed Natasha
  4278 | D:4      | Reached skill level 4 in Fighting
  4353 | D:5      | Entered Level 5 of the Dungeon
  4600 | D:5      | Reached XP level 8. HP: 56/61 MP: 11/11
  4668 | D:5      | Found a bloodstained altar of Trog.
  4847 | D:5      | You fall through a shaft for 2 floors!
  4858 | D:7      | Reached skill level 5 in Fighting
  4873 | D:7      | Found a staircase to the Ecumenical Temple.
  4938 | D:7      | Reached skill level 5 in Evocations
  4969 | D:7      | Found a glowing golden altar of the Shining One.
  4969 | D:7      | Found a white marble altar of Elyvilon.
  4969 | D:7      | Found a glowing silver altar of Zin.
  5020 | D:7      | Found a shimmering altar of Xom.
  5151 | D:7      | Found a sand-covered staircase.
  5165 | Ossuary  | Entered an ossuary
  5238 | Ossuary  | Reached skill level 5 in Dodging
  5530 | Ossuary  | Reached skill level 6 in Fighting
  5653 | Ossuary  | Reached XP level 9. HP: 48/69 MP: 13/13
  6290 | D:8      | Bought a +3 ring mail of cold resistance for 364 gold pieces
  6340 | D:8      | Found an iron altar of Okawaru.
  6879 | D:8      | Reached skill level 7 in Fighting
  6929 | D:8      | Reached skill level 5 in Armour
  7432 | D:9      | Found a staircase to the Lair.
  7851 | D:9      | Noticed a three-headed hydra
  7865 | D:9      | Killed a one-headed hydra
  7865 | D:9      | Reached XP level 10. HP: 64/80 MP: 13/15
  7963 | D:9      | Found Qushuogo's Antique Weapon Boutique.
  8513 | D:9      | Reached skill level 8 in Fighting
  8608 | D:10     | Entered Level 10 of the Dungeon
  8825 | D:8      | Bought a +2 pair of boots of running for 581 gold pieces
  9206 | D:10     | Noticed an orange crystal statue
  9206 | D:10     | Noticed an obsidian statue
  9208 | D:10     | Noticed a sixfirhy
  9529 | D:10     | Noticed a hill giant
 10236 | D:11     | Found a staircase to the Orcish Mines.
 10608 | D:11     | Reached XP level 11. HP: 57/87 MP: 16/16
 10616 | D:11     | Found a flagged portal.
 10635 | Bailey   | Entered a bailey
 10768 | Bailey   | Noticed an orc knight
 11464 | D:11     | Noticed a hill giant
 11888 | D:11     | Noticed a great orb of eyes
 11888 | D:11     | a hill giant changed into a great orb of eyes
 11900 | D:11     | Killed a great orb of eyes
 11900 | D:11     | Reached skill level 1 in Axes
 11900 | D:11     | Reached skill level 1 in Shields
 12351 | D:11     | Noticed a hill giant
 12378 | D:11     | a hill giant changed into a merfolk
 12417 | D:12     | Noticed a brown ugly thing
 12417 | D:12     | Noticed a death knight
 12417 | D:12     | Noticed a phantasmal warrior
 12424 | D:13     | Slain by a phantasmal warrior

Vault maps used:
D:1:      dpeg_arrival_ternary, nemelex_deck
D:2:      grunt_dithmenos_smoke_and_mirrors, lightli_temple_of_fire,
          grunt_ministairs_8, minmay_rat_hole, uniq_crazy_yiuf_cottage
D:3:      grunt_temple_overflow_opulence, lemuel_coloured_pillars_altar,
          minmay_misc_feat_room
D:4:      kennysheep_mini, minivault_26, grunt_ministairs_3,
          serial_bayou_ford_a, uniq_natasha, uniq_edmund, uniq_grinder
D:5:      kennysheep_little_box, first_bread, glass_columns_a, uniq_eustachio
D:7:      good_gods_mini_temple, lemuel_doored_altar, minmay_temple_entry_trees,
          nicolae_ossuary_entry_giza
D:8:      old_standard_altar
D:9:      lair_0_dummy, serial_shops, nicolae_shop_overgrown_old_shop,
          hangedman_ranch
D:10:     david_greed
D:11:     kennysheep_ambush_hall, orc_0_dummy, enter_bailey_3, st_stairs_9
D:13:     minmay_misc_feat_five, wad_dig_loot, uniq_maud, uniq_urug
Ossuary:  ossuary_minmay_scorpions
Bailey:   bailey_axe_4, bailey

Skill      XL: |  1  2  3  4  5  6  7  8  9 10 11 |
---------------+----------------------------------+-----
Dodging        | 2 3 4 5 6 7 |  7.4
Fighting       | 2 3 4 6 7 8 |  8.9
Evocations     | 3 4 5 6 7 |  7.7
Armour         | 1 2 3 4 5 6 |  6.8
Axes           | 1 |  1.6
Shields        | 1 |  1.5
Short Blades   | |  0.7
Stealth        | |  0.7

Action                   |  1- 3 |  4- 6 |  7- 9 | 10-12 || total
-------------------------+-------+-------+-------+-------++-------
Melee: Short sword       |    65 |       |       |       ||    65
       Hand axe          |    38 |       |     5 |       ||    43
       Quarterstaff      |     6 |   119 |   392 |   208 ||   725
       Broad axe         |       |       |       |    54 ||    54
Throw: Javelin           |     6 |     1 |       |     8 ||    15
       Tomahawk          |       |       |       |    18 ||    18
       Throwing net      |       |       |       |     1 ||     1
Invok: Call Merchant     |       |       |     1 |       ||     1
Evoke: Wand              |     4 |     5 |    16 |    65 ||    90
       Deck              |       |     3 |     4 |    16 ||    23
  Use: Scroll            |     6 |       |     4 |    11 ||    21
 Stab: Paralysed         |     6 |       |     1 |     5 ||    12
       Petrifying        |       |       |     2 |     1 ||     3
       Confused          |       |       |     1 |     1 ||     2
       Distracted        |       |       |       |     1 ||     1
